 Dungeon Crawl Stone Soup version 0.23.0-3-gf3c87f2 (webtiles) character file.

Game seed: 14702434693356983099

51 Dazliare the Insei (level 3, -6/25 HPs)
             Began as an Octopode Transmuter on Feb 22, 2019.
             Splashed by a jelly's acid (8 damage)
             ... on level 2 of the Dungeon.
             The game lasted 00:04:59 (1889 turns).

Dazliare the Insei (Octopode Transmuter)            Turns: 1889, Time: 00:04:59

Health: -6/25      AC:  1    Str:  9    XL:     3   Next: 81%
Magic:  6/6        EV: 13    Int: 16    God:
Gold:   109        SH:  0    Dex: 12    Spells: 0/6 levels left

rFire    . . .     SeeInvis .   p - +2 whip (venom)
rCold    . . .     Gourm    .   (no shield)
rNeg     . . .     Faith    .   (helmet restricted)
rPois    .         Spirit   .   (no amulet)
rElec    .         Reflect  .   (no ring)
rCorr    .         Harm     .   (no ring)
MR       .....                  (no ring)
Stlth    ++........             (no ring)
HPRegen  0.08/turn              (no ring)
MPRegen  0.10/turn              (no ring)
                                (no ring)
                                (no ring)

@: no status effects
A: almost no armour, stealthy swim, amphibious, 8 rings, constrict 8, camouflage
1, gelatinous body 1
a: no special abilities


You were on level 2 of the Dungeon.
You were not hungry.

You visited 1 branch of the dungeon, and saw 2 of its levels.

You collected 109 gold pieces.

Inventory:

Hand Weapons
 p - a +2 whip of venom (weapon)
Missiles
 a - 12 arrows
 d - 77 stones (quivered)
 k - 35 poisoned needles
Jewellery
 q - an uncursed ring of protection from cold {unknown}
Wands
 l - a wand of acid (11)
Scrolls
 f - a scroll of enchant weapon {unknown}
 g - 3 scrolls of fear {unknown}
 h - a scroll of remove curse {unknown}
 i - a scroll of noise {unknown}
 n - a scroll of identify {unknown}
 r - a scroll of teleportation {unknown}
Potions
 e - a potion of mutation {unknown}
 j - 2 potions of lignification {unknown}
 m - a potion of resistance {unknown}
 o - 2 potions of degeneration {unknown}
Comestibles
 b - 2 chunks of flesh
 c - 4 rations {@e1}


   Skills:
 * Level 2.9 Fighting
 - Level 2.0 Dodging
 + Level 3.6 Unarmed Combat
 - Level 2.0 Spellcasting
 - Level 2.0 Transmutations


You couldn't memorise any spells.
You knew the following spells:

 Your Spells              Type           Power        Failure   Level  Hunger
a - Beastly Appendage     Tmut           #.....       9%          1    #......
b - Sticks to Snakes      Tmut           #.......     14%         2    ###....
c - Spider Form           Tmut/Pois      #.........   38%         3    ###....

Your spell library contained the following spells:

 Spells                   Type           Power        Failure   Level  Hunger
 Ice Form                 Ice/Tmut       #.......     80%         4    #####..
 Blade Hands              Tmut           #.........   94%         5    ######.


Dungeon Overview and Level Annotations

Branches:
Dungeon (2/15)

Altars:

Annotations:
D:2 exclusion: adder


Innate Abilities, Weirdness & Mutations

You cannot wear most types of armour.
You are very stealthy in the water. (Stealth+)
You are amphibious.
You can wear up to eight rings at the same time.
You can use your tentacles to constrict eight enemies at once.
Your skin changes colour to match your surroundings (Stealth+).
Your rubbery body absorbs attacks. (AC +1, EV +1)


Message History

Here: a jelly (lightly wounded)
The floor.
Unknown command.
Some of the chunks of flesh in your inventory have rotted away.
The jelly jiggles.
The ooze quivers.
The ooze hits you.
* * * LOW HITPOINT WARNING * * *
You take 4 damage, and have 10/25 hp.
The ooze jiggles.
The ooze hits you.
* * * LOW HITPOINT WARNING * * *
You take 4 damage, and have 7/25 hp.
The ooze hits you.
* * * LOW HITPOINT WARNING * * *
You take 2 damage, and have 5/25 hp.
The jelly hits you.
* * * LOW HITPOINT WARNING * * *
You are splashed with acid!
You die...

####
####.###.#######
##########
...####............#
#÷..P.PJ.$
...............###.#
#...P....J
...............# #.#
#.P.J..JP.
......[........# #.#
#..JP..÷.÷
...............# #.#
#....J.J..
..#####........# #.#
#.÷.P...PJ ..#
#........###.####
#'####### ..#
#.......JJ@.....#
##...J..# ..#
######......###.#
########J ..#
###......###÷#
#....'..# ....
#............#
#....#### .....
#............#
#.......# .....
#..........[.#
#.......# ....
#............#
#.......# .##
#............#
#.......# .#
#............#
##....^##


You could see a jelly and an ooze.

Vanquished Creatures
  2 oozes
  A worm (D:2)
  4 giant cockroaches
  4 goblins
  4 hobgoblins
  2 ball pythons (D:2)
  4 bats
  2 frilled lizards (D:1)
  12 kobolds
  5 rats
40 creatures vanquished.

Vanquished Creatures (others)
  7 toadstools (D:2)
7 creatures vanquished.

Grand Total: 47 creatures vanquished

Notes
Turn   | Place    | Note
-------+----------+-------------------------------------------
     0 | D:1      | Dazliare the Octopode Transmuter began the quest for the
                  | Orb.
     0 | D:1      | Reached XP level 1. HP: 13/13 MP: 3/3
   188 | D:1      | Reached XP level 2. HP: 19/19 MP: 3/5
   195 | D:1      | Learned a level 2 spell: Sticks to Snakes
  1174 | D:2      | Reached XP level 3. HP: 23/25 MP: 6/6
  1179 | D:2      | Learned a level 3 spell: Spider Form
  1889 | D:2      | Splashed by a jelly's acid

Skill      XL: |  1  2 |
---------------+-------+-----
Fighting       | 2 |  2.9
Dodging        | |  2.0
Unarmed Combat | |  3.6
Spellcasting   | |  2.0
Transmutations | |  2.0

Action                   || total
-------------------------++-------
Melee: Unarmed           ||    87
       Constrict         ||    20
       Tentacles         ||    13
       Kick              ||     5
       Whip              ||     6
       Punch             ||     1
Throw: Stone             ||    11
 Cast: Beastly Appendage ||     8
       Spider Form       ||     1
 Stab: Sleeping          ||    11
  Eat: Chunk             ||     3
Armor: Skin              ||    13
Dodge: Dodged            ||    58
